 Dungeon Crawl Stone Soup version 0.24-a0-640-ge7cd8ce796 (webtiles) character file.

Game seed: 421997477062971860, levelgen mode: deterministic

0 Gargoyl the Skirmisher (level 1, -32/19 HPs)
             Began as a Centaur Abyssal Knight on Sept 24, 2019.
             Was a Follower of Lugonu.
             Killed from afar by a ynoxinul (37 damage)
             ... with an iron shot
             ... on level 1 of the Abyss.
             The game lasted 00:00:20 (124 turns).

Gargoyl the Skirmisher (Centaur Abyssal Knight)      Turns: 124, Time: 00:00:20

Health: -32/19     AC:  4    Str: 14    XL:     1   Next: 0%
Magic:  2/2        EV:  9    Int: 11    God:    Lugonu [*.....]
Gold:   19         SH:  0    Dex:  8    Spells: 0/0 levels left

rFire    . . .     SeeInvis .   a - +1 hand axe
rCold    . . .     Gourm    .   (no shield)
rNeg     . . .     Faith    .   b - +0 leather armour
rPois    .         Spirit   .   (no helmet)
rElec    .         Reflect  .   (no cloak)
rCorr    .         Harm     .   (no gloves)
MR       .....                  (no barding)
Stlth    ..........             (no amulet)
HPRegen  0.06/turn              (no ring)
MPRegen  0.08/turn              (no ring)

@: very quick
A: large, hooves 3, deformed body, speed 2, tough skin 3
a: Depart the Abyss, Renounce Religion


You were on level 1 of the Abyss.
You worshipped Lugonu.
Lugonu was aware of your devotion.
You were not hungry.

You visited 0 branches of the dungeon, and saw 0 of its levels.
You visited the Abyss 1 time.

You collected 19 gold pieces.

Inventory:

Hand Weapons
 a - a +1 hand axe (weapon)
Armour
 b - a +0 leather armour (worn)
Potions
 e - a potion of degeneration
Comestibles
 c - 2 rations


   Skills:
 + Level 3.0 Fighting
 + Level 1.7 Axes
 + Level 1.3 Armour
 + Level 0.6 Dodging
 + Level 2.0 Invocations


You couldn't memorise any spells.
You didn't know any spells.
Your spell library was empty.

Dungeon Overview and Level Annotations

Branches:
Dungeon (0/15)

Altars:


Innate Abilities, Weirdness & Mutations

You have hooves in place of feet.
Armour fits poorly on your strangely shaped body.
You cover ground very quickly.
You have extremely tough skin. (AC +3)


Message History

Tentacles burst from the starspawn's body! 2 starspawn tentacles come into view.
The tormentor gestures at you. Pain shoots through your body!
Ouch! That really hurt!
The ufetubus misses you. The ufetubus hits you.
* * * LOW HITPOINT WARNING * * *
Unknown command.
You hit the tormentor but do no damage. Your kick misses the tormentor.
You hit the ynoxinul. You closely miss the ufetubus.
You hit the tentacled starspawn. The ufetubus closely misses you.
The ufetubus barely misses you. The tormentor gestures at you.
You barely resist.
The tentacled starspawn completely misses you.
The tentacled starspawn engulfs you but does no damage.
The ynoxinul gestures at you. The iron shot hits you!!!
Ouch! That really hurt!
You die...

. ..#
#.#.##...##..
.##..#. #..#
#..# # #.#
##.#.##.# .#
#.. ...##..#
#.##.## ..
##..### ....#
.# ..#...#.#
.##. .
...###.w#.#
## #. ##.
##.Xw# .## ..
#.2@# #
.##.#3#5.# #
.#.#.....#
.#.##.##.#
##. .. ... #.
.#. #.. ..
##.) ##. ..
##


You could see a tentacled starspawn, a tormentor, a ynoxinul, 2 starspawn
tentacles and an ufetubus.

Vanquished Creatures (others)
  2 starspawn tentacles (Abyss:1)
2 creatures vanquished.

Notes
Turn   | Place    | Note
-------+----------+-------------------------------------------
     0 | Abyss:1  | Gargoyl the Centaur Abyssal Knight began the quest for the
                  | Orb.
     0 | Abyss:1  | Reached XP level 1. HP: 19/19 MP: 2/2
    97 | Abyss:1  | Noticed a tentacled starspawn
   115 | Abyss:1  | Noticed a tormentor
   116 | Abyss:1  | Noticed a ynoxinul
   124 | Abyss:1  | Killed from afar by a ynoxinul

Levels and vault maps discovered:
Abyss:1:  hangedman_abyss_or_decor_stagger, evilmike_abyss_exit_smiterflies

Action                   || total
-------------------------++-------
Melee: Hand axe          ||     1
  Use: Scroll            ||     1
       Potion            ||     1
Armor: Leather armour    ||     1
Dodge: Dodged            ||     4

Table legend:
 A = Non-vault XP
 B = Vault XP
 C = Vault XP percentage of total XP
 D = Non-vault monster count
 E = Vault monster count
 F = Vault count percentage of total count
                 A         B        C        D         E       F
            +---------+---------+-------+---------+---------+-------
      Total |       0 |       0 |   N/A |       0 |       0 |  -nan
            +---------+---------+-------+---------+---------+-------
            +---------+---------+-------+---------+---------+-------
